 Dungeon Crawl Stone Soup version 0.19.0-17-g07987d3 (webtiles) character file.

152 McCoppin the Slasher (level 5, -5/42 HPs)
             Began as a Demonspawn Gladiator on Nov 10, 2016.
             Slain by a gnoll
             ... wielding a +0 halberd
              (12 damage)
             ... on level 3 of the Dungeon.
             The game lasted 00:05:53 (2634 turns).

McCoppin the Slasher (Demonspawn Gladiator)         Turns: 2634, Time: 00:05:53

Health: -5/42      AC:  9    Str: 16    XL:     5   Next: 11%
Magic:  0/5        EV:  7    Int: 10    God:
Gold:   157        SH:  0    Dex: 13    Spells: 0 memorised, 4 levels left

rFire  . . .     SeeInvis .     a - +0 long sword
rCold  . . .     Gourm    .     n - +0 chain mail (curse)
rNeg   . . .     Faith    .     (no shield)
rPois  .         Spirit   +     c - +0 helmet
rElec  .         Reflect  .     (no cloak)
rCorr  .         Harm     .     (no gloves)
MR     .....                    (no boots)
Stlth  ..........               (no amulet)
                                (no ring)
                                (no ring)

@: no status effects
A: hooves 1, nightstalker 1, magic shield
a: no special abilities


You were on level 3 of the Dungeon.
You were hungry.

You visited 1 branch of the dungeon, and saw 3 of its levels.

You collected 157 gold pieces.

Inventory:

Hand Weapons
 a - a +0 long sword (weapon)
Missiles
 d - 3 throwing nets (quivered)
Armour
 b - a +0 leather armour
 c - a +0 helmet (worn)
 n - a cursed +0 chain mail (worn)
Scrolls
 g - a scroll of magic mapping {unknown}
 h - 2 scrolls of teleportation {unknown}
 k - a scroll of identify {unknown}
 l - a scroll of immolation {unknown}
 m - 2 scrolls of enchant armour {unknown}
 r - a scroll of remove curse {unknown}
Potions
 e - a potion of curing
 i - 2 potions of degeneration {unknown}
 j - a potion of flight {unknown}
 p - a potion of haste {unknown}
 q - a potion of might {unknown}
 t - a potion of lignification {unknown}
Comestibles
 f - 5 bread rations
 o - 6 fruits
 s - a beef jerky


   Skills:
 + Level 3.8 Fighting
 + Level 4.3 Long Blades
 - Level 1.7 Throwing
 - Level 2.6 Dodging


You had 4 spell levels left.
You didn't know any spells.

Dungeon Overview and Level Annotations

Branches:
Dungeon (3/15)

Altars:
Nemelex Xobeh
Qazlal


Innate Abilities, Weirdness & Mutations

You have large cloven feet.
You are slightly more attuned to the shadows.
When hurt, damage is shared between your health and your magic reserves.


Message History

You kill the gnoll!
The gnoll barely misses you.
You riposte.
You barely miss the gnoll. The gnoll hits you with a spear.
The gnoll closely misses you. The gnoll hits you with a spear.
Things that are here:
a flail; a gnoll corpse You hit the gnoll but do no damage.
You kick the gnoll, but do no damage. The gnoll hits you with a halberd!
The gnoll hits you with a spear.
You closely miss the gnoll. Your kick misses the gnoll.
The gnoll hits you with a halberd!
* * * LOW HITPOINT WARNING * * *
The gnoll hits you but does no damage.
You closely miss the gnoll. You kick the gnoll, but do no damage.
The gnoll hits you with a halberd.
* * * LOW HITPOINT WARNING * * *
The gnoll closely misses you.
You hit the gnoll. You kick the gnoll, but do no damage.
The gnoll is moderately wounded.
The gnoll hits you with a halberd!
You die...

### ####.#############
....<.....).....g#
####.###########@#
.....[(#.......#g#
####.#.#.#####.#.# #.#....# #.#.#
####.###..####.#.##############
.................))...........###
####.###..####.#.##########.....#
...#.#....# #.#'##########.....#
##.#)#.##.# #...........##.....#


You could see 2 gnolls.

Vanquished Creatures
  5 gnolls (D:3)
  4 adders
  An ooze (D:1)
  A worm (D:2)
  3 leopard geckos
  4 orcs (D:3)
  5 goblins
  5 hobgoblins
  2 jackals (D:1)
  2 quokkas
  9 bats
  A frilled lizard (D:1)
  10 kobolds
  6 rats
58 creatures vanquished.

Notes
Turn   | Place    | Note
-------+----------+-------------------------------------------
     0 | D:1      | McCoppin the Demonspawn Gladiator began the quest for the Orb.
     0 | D:1      | Reached XP level 1. HP: 16/16 MP: 1/1
   126 | D:1      | Reached skill level 3 in Long Blades
   296 | D:1      | Gained mutation: You have large cloven feet. [demonic ancestry]
   296 | D:1      | Reached XP level 2. HP: 20/23 MP: 2/2
   967 | D:2      | Gained mutation: When hurt, damage is shared between your health and your magic reserves. [demonic ancestry]
   967 | D:2      | Reached XP level 3. HP: 16/28 MP: 3/3
  1109 | D:2      | Found a stormy altar of Qazlal.
  1785 | D:3      | Reached XP level 4. HP: 35/35 MP: 4/4
  2207 | D:3      | Reached skill level 4 in Long Blades
  2264 | D:3      | Found a sparkling altar of Nemelex Xobeh.
  2312 | D:3      | Gained mutation: You are slightly more attuned to the shadows. [demonic ancestry]
  2312 | D:3      | Reached XP level 5. HP: 23/42 MP: 3/5
  2634 | D:3      | Slain by a gnoll

Skill      XL: |  1  2  3  4 |
---------------+-------------+-----
Long Blades    | 3 4 |  4.3
Fighting       | 3 |  3.8
Throwing       | |  1.7
Dodging        | |  2.6

Action                   |  1- 3 |  4- 6 || total
-------------------------+-------+-------++-------
Melee: Long sword        |    94 |    93 ||   187
       Kick              |    13 |    30 ||    43
  Use: Potion            |       |     1 ||     1
  Eat: Chunk             |     2 |     3 ||     5
Armor: Leather armour    |    30 |     1 ||    31
       Chain mail        |       |    48 ||    48
Dodge: Dodged            |    66 |    53 ||   119
       Rpst.: Long sword |    18 |    16 ||    34
